 Dungeon Crawl Stone Soup version 0.19-a0-680-gdf79c29 (webtiles) character file.

44 Laan the Conjurer (level 3, -1/24 HPs)
             Began as a Mummy Fire Elementalist on June 17, 2016.
             Slain by Terence
             ... wielding a +0 hand axe
              (6 damage)
             ... on level 1 of the Dungeon.
             The game lasted 00:04:20 (2073 turns).

Laan the Conjurer (Mummy Fire Elementalist)         Turns: 2073, Time: 00:04:20

Health: -1/24      AC:  2    Str: 11    XL:     3   Next: 41%
Magic:  4/6        EV: 12    Int: 15    God:
Gold:   67         SH:  0    Dex: 12    Spells: 1 memorised, 5 levels left

rFire  x . .     SeeInvis .     f - +0 dagger
rCold  + . .     Gourm    .     a - +0 robe
rNeg   + + +     Faith    .     (no shield)
rPois  ∞         Spirit   .     (no helmet)
rElec  .         Dismiss  .     (no cloak)
rCorr  .         Reflect  .     (no gloves)
SustAt .         Harm     .     (no boots)
MR     .....                    (no amulet)
Stlth  ++........               (no ring)
                                (no ring)

@: very slightly contaminated, not resistant to hostile enchantments, unstealthy
A: no food or potions, fire vulnerability, cold resistance 1, negative energy
resistance 3, torment resistance, unbreathing
a: no special abilities


You were on level 1 of the Dungeon.
You were not hungry.

You visited 1 branch of the dungeon, and saw 2 of its levels.

You collected 67 gold pieces.

Inventory:

Hand Weapons
 f - a +0 dagger (weapon)
Armour
 a - a +0 robe (worn)
Scrolls
 c - a scroll of immolation {unknown}
 d - a scroll of identify {unknown}
 e - a scroll of enchant armour {unknown}
 g - a scroll of noise {unknown}
Books
 b - a book of Flames

   Spells                             Type                      Level
   a - Flame Tongue                   Conjuration/Fire             1
   b - Throw Flame                    Conjuration/Fire             2
   c - Conjure Flame                  Conjuration/Fire             3
   d - Inner Flame                    Hexes/Fire                   3
   e - Sticky Flame                   Conjuration/Fire             4
   f - Fireball                       Conjuration/Fire             5


   Skills:
 - Level 1.5 Dodging
 - Level 1.5 Stealth
 - Level 2.0 Spellcasting
 + Level 2.7 Conjurations
 - Level 2.4 Fire Magic


You had 5 spell levels left.
You knew the following spells:

 Your Spells              Type           Power        Failure   Level  Hunger
a - Flame Tongue          Conj/Fire      #....        10%         1    N/A

Dungeon Overview and Level Annotations

Branches:
Dungeon (2/15)

Altars:

Annotations:
D:1 Terence


Innate Abilities, Weirdness & Mutations

You do not eat or drink.
Your flesh is vulnerable to fire.
You are immune to poison.
Your flesh is cold resistant. (rC+)
You are immune to negative energy. (rN+++)
You are immune to unholy pain and torment.
You can survive without breathing.


Message History

Terence is lightly wounded.
Terence misses you.
You hit Terence but do no damage.
Terence is lightly wounded.
Terence hits you but does no damage.
You closely miss Terence.
Terence is lightly wounded.
You hit Terence but do no damage.
Terence is lightly wounded.
Terence hits you with a hand axe.
You hit Terence but do no damage.
Terence is lightly wounded.
Terence hits you with a hand axe.
* * * LOW HITPOINT WARNING * * *
You see here a club.
Things that are here:
a dagger; a kobold skeleton You see here a rat skeleton.
Terence hits you with a hand axe.
You die...

#### ##...## #.# ...#
##.#.#.## #.# ##.# #.##.##.#
#.# ##.# ##.#.#.## #.# ...#
##...## #.# ##.# ##.## ####.#
#.# #.# #....# #.#
##.##################.####
#.#####†#......@@....÷....#.#
##......###.##############.#.#
......##.#.## #.#.#
.####.....## #.#.# .# #.#####
#.#.# .# #.# #.#.# .# #.#
#.#.# #####.# #.#.# ...##.#
#.#.#


You could see Terence.

Vanquished Creatures
  An ooze (D:1)
  A worm (D:2)
  2 giant geckos
  A giant cockroach (D:1)
  7 goblins
  2 hobgoblins (D:1)
  3 jackals (D:1)
  5 bats (D:1)
  4 giant newts
  3 kobolds (D:1)
  7 rats
36 creatures vanquished.

Notes
Turn   | Place    | Note
--------------------------------------------------------------
     0 | D:1      | Laan the Mummy Fire Elementalist began the quest for the Orb.
     0 | D:1      | Reached XP level 1. HP: 13/13 MP: 3/3
    79 | D:1      | Reached skill level 1 in Conjurations
   647 | D:1      | Reached XP level 2. HP: 19/19 MP: 3/5
  1305 | D:1      | Reached XP level 3. HP: 24/24 MP: 4/6
  1616 | D:2      | Noticed Terence
  2073 | D:1      | Slain by Terence

Vault maps used:
D:1:      shiori_shiawase
D:2:      uniq_robin, uniq_crazy_yiuf_cottage, uniq_terence

Skill      XL: |  1  2 |
---------------+-------+-----
Conjurations   | 1 2 |  2.7
Dodging        | |  1.5
Stealth        | |  1.5
Spellcasting   | |  2.0
Fire Magic     | |  2.4

Action                   || total
-------------------------++-------
Melee: Dagger            ||    49
       Unarmed           ||     8
 Cast: Flame Tongue      ||    68
Armor: Robe              ||    15
Dodge: Dodged            ||    56
